 Dungeon Crawl Stone Soup version bcrawl-1.26.1 (webtiles) character file.

Game seed: 3644703546557074055

109711 Freyura the Twirler (level 3, 0/28 HPs)
             Began as a Demonspawn Gladiator on July 7, 2020.
             Succumbed to an adder's poison
             ... on level 2 of the Dungeon.
             The game lasted 00:02:50 (982 turns).

Freyura the Twirler (Demonspawn Gladiator)           Turns: 982, Time: 00:02:51

Health: 0/28       AC:  6    Str: 14    XL:     3   Next: 1%
Magic:  3/3        EV: 12    Int:  9    God:
Gold:   94         SH:  4    Dex: 15    Spells: 2/2 levels left

rFire    . . .     SeeInvis .   a - +0 quarterstaff
rCold    . . .     Gourm    .   (shield currently unavailable)
rNeg     . . .     Faith    .   o - +0 ring mail
rPois    .         Spirit   .   c - +0 helmet
rElec    .         Reflect  .   (no cloak)
rCorr    .         Harm     .   (no gloves)
MR       .....                  (no boots)
Stlth    +.........             m - amulet of regeneration
HPRegen  0.18/turn              (no ring)
MPRegen  0.08/turn              (no ring)

@: lethally poisoned (0 -> -40)
A: large bone plates 1
a: no special abilities


You were on level 2 of the Dungeon.
You were not hungry.

You visited 1 branch of the dungeon, and saw 2 of its levels.

You collected 94 gold pieces.

Inventory:

Hand Weapons
 a - a +0 quarterstaff (weapon)
Missiles
 d - 3 throwing nets {=f}
Armour
 c - a +0 helmet (worn)
 o - a +0 ring mail (worn)
Jewellery
 m - an amulet of regeneration (around neck)
Scrolls
 b - 2 scrolls of remove curse {unknown}
 f - a scroll of amnesia {unknown}
 i - a scroll of magic mapping {unknown}
 j - a scroll of enchant weapon {unknown}
 l - 2 scrolls of identify
 n - a scroll of noise {unknown}
Potions
 g - 3 potions of curing {unknown}
 h - a potion of haste {unknown}
 k - a potion of might {unknown}
 p - 2 potions of berserk rage {unknown}
Comestibles
 e - 3 rations {!d}


   Skills:
 * Level 2.5 Fighting
 * Level 3.0 Staves
 - Level 1.7 Throwing
 + Level 0.9 Armour
 + Level 2.9 Dodging


You had 2 spell levels left.
You didn't know any spells.
Your spell library was empty.

Dungeon Overview and Level Annotations

Branches:
Dungeon (2/12)

Altars:
Makhleb


Innate Abilities, Weirdness & Mutations

You are partially covered in large bone plates. (SH +4)


Message History

You are too injured to fight recklessly!
You are too injured to fight recklessly!
You feel sick. The adder barely misses you.
You miss the adder.
You feel sick.
The goblin hits you with a +2 dagger of venom.
You are more poisoned.
The adder misses you.
You hit the adder.
The adder is heavily wounded.
* * * LOW HITPOINT WARNING * * *
You feel very sick. The adder closely misses you.
The goblin hits you but does no damage.
You are more poisoned.
The adder bites you.
* * * LOW HITPOINT WARNING * * *
You are more poisoned.
The adder poisons you!
You closely miss the adder.
The adder is heavily wounded.
You die...

#..........._#2#
#........#######
#.........##4# .
#.)..<...##### ..
####..>..#### ...
#...........# ....
#.#.........#
#..#.#.#.......#
#......#####..@#
#...#....#####.gS#
. ##.#....###...#
#.####.....#... #.
##..##..... ..
#...# ....... ##
..?#..#.....>.
...... ....?...
.## + .......


You could see an adder and a goblin.

Vanquished Creatures
  An ooze (D:2)
  A dart slug (D:1)
  A ball python (D:1)
  6 hobgoblins
  A quokka (D:2)
  2 bats (D:1)
  2 frilled lizards (D:1)
  3 goblins
  3 kobolds
  2 rats (D:1)
22 creatures vanquished.

Notes
Turn   | Place    | Note
-------+----------+-------------------------------------------
     0 | D:1      | Freyura the Demonspawn Gladiator began the quest for the
                  | Orb.
     0 | D:1      | Reached XP level 1. HP: 16/16 MP: 1/1
   267 | D:1      | Gained mutation: You are partially covered in large bone
                  | plates. (SH +4) [demonic ancestry]
   267 | D:1      | Reached XP level 2. HP: 22/22 MP: 2/2
   517 | D:1      | Reached skill level 3 in Staves
   913 | D:2      | Found a burning altar of Makhleb.
   916 | D:2      | Noticed a cacodemon
   936 | D:2      | Reached XP level 3. HP: 25/28 MP: 3/3
   962 | D:2      | Noticed a neqoxec
   962 | D:2      | Noticed a hellwing
   982 | D:2      | Succumbed to an adder's poison

Skill      XL: |  1  2 |
---------------+-------+-----
Staves         | 3 |  3.0
Fighting       | |  2.5
Throwing       | |  1.7
Armour         | |  0.9
Dodging        | |  2.9

Action                   || total
-------------------------++-------
Melee: Quarterstaff      ||    58
 Stab: Sleeping          ||     1
Armor: Leather armour    ||     7
       Ring mail         ||    13
Dodge: Dodged            ||    33
Block: Other             ||     6
